Map: Paladino Terminal LE

Players

MaSa - Winner!

  • Race: Terran Terran
  • Spawn Location: 5:00

SirRobin

  • Race: Zerg Zerg
  • Spawn Location: 9:00

Event: WCS Austin 2017

VOD

Have the link to the VOD?

Description

Time

  • Played on: April 28, 2017, 1:50 p.m.
  • Length: 3:54

All games in this series

Show
View Real Time Build Order
Export as new Build Order

MaSa Terran - Winner!

Build Orders:  

Get SALT Encoding   

  12  0:00  SCV  
  13  0:13  SCV  
  14  0:19  Supply Depot  
  14  0:25  SCV  
  15  0:40  SCV  
  16  0:44  Barracks  
  16  0:48  Refinery  
  16  0:53  SCV  
  17  1:02  Barracks  
  17  1:05  SCV  
  18  1:17  SCV  
  19  1:22  Barracks  
  19  1:30  Reaper  
  20  1:36  Refinery  
  20  1:46  Orbital Command  
  20  1:51  Reaper  
  21  2:00  Supply Depot  
  21  2:05  Reaper  
  22  2:14  Reaper  
  23  2:21  SCV  
  24  2:23  Reaper  
  25  2:33  SCV  
  25  2:34  Supply Depot  
  26  2:37  Reaper  
  27  2:46  SCV  
  27  2:49  Reaper  
  29  2:58  SCV  
  29  3:07  Reaper  
  29  3:10  SCV  
  30  3:22  SCV  
  32  3:34  SCV  
  33  3:41  Command Center  
Show
View Real Time Build Order
Export as new Build Order

SirRobin Zerg 

Build Orders: Hatch First 

Get SALT Encoding   

  12  0:00  Drone  
  13  0:09  Drone  
  14  0:17  Overlord  
  14  0:24  Drone, Extractor  
  15  0:36  Drone x2  
  17  0:55  Hatchery  
  16  0:57  Drone  
  16  1:00  Drone  
  18  1:14  Spawning Pool  
  18  1:17  Extractor  
  16  1:19  Drone  
  16  1:22  Drone  
  18  1:29  Drone  
  19  1:48  Hatchery  
  19  1:51  Drone  
  19  1:54  Drone  
  20  2:03  Queen  
  22  2:14  Queen  
  24  2:17  Zergling x2  
  25  2:24  Zergling x2  
  25  2:26  Overlord  
  23  2:54  Drone  
  23  2:56  Drone  
  23  2:57  Drone x2  
  26  3:06  Zergling x2  
  26  3:07  Zergling x6  
  28  3:14  Zergling x4  
  29  3:26  Zergling x4  
  27  3:35  Overlord  
  27  3:36  Zergling x4  
Tags
 
Add a new tag
Caveats
  • Supply blocks, unpowered buildings, or Contaminate may cause inaccurate times.
  • Supply counts are checked every 10 seconds.